 Dungeon Sprint DCSS version 0.17-a0-1651-gae1a69f (webtiles) character file.

126359 Kidiri the Imperceptible (level 15, 0/63 HPs)
             Began as a Spriggan Enchanter on Aug 14, 2015.
             Was the Champion of Dithmenos.
             Slain by a stone giant (34 damage)
             ... in the Dungeon (Sprint III: "The Ten Rune Challenge").
             The game lasted 00:48:00 (12435 turns).

Kidiri the Imperceptible (Spriggan Enchanter)      Turns: 12435, Time: 00:48:01

Health: 0/63       AC:  5    Str:  4    XL:     15   Next: 74%
Magic:  25/41      EV: 40    Int: 19    God:    Dithmenos [******]
Gold:   2121       SH:  0    Dex: 21    Spells: 9 memorised, 20 levels left

rFire  . . .     SeeInvis +     x - +4 rapier (venom)
rCold  . . .     Clarity  .     b - +1 robe
rNeg   . . .     SustAt   .     (shield restricted)
rPois  +         Gourm    .     m - +2 hat {SInv}
rElec  .         Spirit   .     (no cloak)
rCorr  .         Warding  .     (gloves unavailable)
rMut   +         NoTele   +     (boots unavailable)
MR     ++...                    v - amulet of resist mutation
Stlth  ++++++++++               q - ring of invisibility
                                a - ring of poison resistance

@: wreathed by umbra, deflect missiles, very quick, very resistant to hostile
enchantments, uncannily stealthy
A: unfitting armour, see invisible, herbivore 3, speed 3, slow metabolism 2
a: Shadow Step, Shadow Form, Renounce Religion, Evoke Invisibility
}: 2/10 runes: decaying, barnacled


You were in the Dungeon.
You worshipped Dithmenos.
Dithmenos was exalted by your worship.
You were not hungry.

You visited 1 branch You collected 3259 gold pieces.
You spent 1138 gold pieces at shops.

Inventory:

Hand weapons
 u - a +1 short sword of electrocution
 x - a +4 rapier of venom (weapon)
Missiles
 l - 5 throwing nets (quivered)
Armour
 b - a +1 robe (worn)
 m - a +2 hat of see invisible (worn)
Jewellery
 a - a ring of poison resistance (left hand)
 q - a ring of invisibility (right hand)
 v - an amulet of resist mutation (around neck)
 y - an uncursed ring of flight
Magical devices
 f - a wand of polymorph (18)
Scrolls
 e - a scroll of fog {unknown}
 j - a scroll of blinking
 n - a scroll of remove curse
 t - a scroll of recharging
Potions
 g - a potion of haste
 h - 4 potions of magic
 i - 2 potions of berserk rage
 k - a potion of brilliance
 o - 3 potions of curing
 p - a potion of might
 r - a potion of cure mutation
 s - 4 potions of flight
 w - a potion of agility
Comestibles
 c - 34 royal jellies
 d - 3 bread rations


   Skills:
 + Level 14.5 Short Blades
 * Level 24.3 Dodging
 * Level 26.1 Stealth
 * Level 21.3 Spellcasting
 + Level 10.7 Conjurations
 + Level 15.8 Hexes
 + Level 17.3 Charms
 + Level 11.7 Ice Magic
 + Level 11.9 Air Magic
 + Level 13.1 Invocations
 + Level 11.1 Evocations


You had 20 spell levels left.
You knew the following spells:

 Your Spells              Type           Power        Failure   Level  Hunger
a - Corona                Hex            ######.      0%          1    None
b - Ensorcelled Hibernat  Hex/Ice        ######       0%          2    None
c - Confuse               Hex            ######..     0%          3    None
d - Tukima's Dance        Hex            ######..     0%          3    None
e - Dazzling Spray        Conj/Hex       ######..     1%          3    None
f - Cause Fear            Hex            ######....   1%          4    None
g - Deflect Missiles      Chrm/Air       ######....   1%          6    ####...
h - Discord               Hex            ######....   24%         8    #######
i - Haste                 Chrm           ######..     1%          6    ####...


Dungeon Overview and Level Annotations

Branches:
Dungeon (1/1)

Altars:
Cheibriados
Dithmenos
Elyvilon
Fedhas
Gozag
Kikubaaqudgha
Makhleb
Nemelex Xobeh
Okawaru
Qazlal
Ru
Sif Muna
Trog
Vehumet
Xom
Yredelemnul
Zin
The Shining One
Jiyva
Lugonu

Shops:
D (:%*=(!


Innate Abilities, Weirdness & Mutations

You are tiny and cannot use many weapons and most armour.
You have supernaturally acute eyesight.
You are a herbivore.
You cover ground extremely quickly.
You need consume almost no food.


Message History

Casting: Confuse
Confirm with . or Enter, or press ? or * to list all spells.
Aiming: Confuse
Press: ? - help, Shift-Dir - straight line, f/p - stone giant
Aim: a stone giant (grey smoke, moderately wounded, umbra, chance to defeat MR: 29%)
The stone giant easily resists.
Items here: % )) [[ ÷
Items here: % ( ) | ÷ a staff of energy; a shortbow; 25 arrows; 6 chunks of flesh; a centaur skeleton
Casting: Confuse
Confirm with . or Enter, or press ? or * to list all spells.
Aiming: Confuse
Press: ? - help, Shift-Dir - straight line, f/p - stone giant
Aim: a stone giant (grey smoke, moderately wounded, umbra, chance to defeat MR: 29%)
The stone giant easily resists.
Your shadow mimicks your spell!
The stone giant resists with almost no effort.
The stone giant hits you!!
Ouch! That really hurt!
You die...

###********,}$.c.Dpbbb#p≈.D.#
########***,[:...ppp.b#.§p..#
.+%..≈≈#,**,=...C..bbb#.§§p§#
##...≈≈####################§#
.#...≈≈≈≈##§...)C.'...§§§.p§#
##...≈≈≈≈##§#######..§§.§.§§#
.#.......##§D(§.§(#§§§§§§...#
##.......########C#§§.§§..).#
.#.......##..)..@§#§§§§§§.[.#
###############+#############
####******#.#...§§#!|§§§§§§(#
§§≈#*≈,≈≈≈##.#.#§§#§§§§§§§§§#
§≈≈#≈,≈*≈≈#.#.#§#§#§..§§§§§§#
≈≈≈#*,**≈≈#....#§##§§.§§§§§.#
c≈§§#**≈≈≈#)#.#§#§§...§§....#
*#§≈§≈≈≈≈≈################'##
,*c§≈≈≈≈≈≈#|..#...#..#......#


You could see a stone giant.

Vanquished Creatures
  Frederick (D)
  the Lernaean hydra (D)
  A bone dragon (D)
  Rupert (D)
  A lich (D)
  A quicksilver dragon (D)
  Frances (D)
  Polyphemus (D)
  2 sphinxes (D)
  Gastronok (D)
  Chuck (D)
  3 shadow dragons (D)
  A fire giant (D)
  4 azure jellies (D)
  Ilsuiw (D)
  A frost giant (D)
  Maud (D)
  Wiglaf (D)
  A stone giant (D)
  2 dire elephants (D)
  4 vampire knights (D)
  A merfolk javelineer (D)
  12 vault guards (D)
  3 mummy priests (D)
  A fire dragon (D)
  Josephine (D)
  A yaktaur captain (D)
  An ogre mage (D)
  3 hydras (D)
  3 centaur warriors (D)
  4 dancing weapons (D)
  4 death yaks (D)
  2 deep elf knights (D)
  5 skeletal warriors (D)
  An unseen horror (D)
  A death drake (D)
  A spriggan druid (D)
  2 swamp dragons (D)
  A sea snake (D)
  2 obsidian statues (D)
  A swamp dragon (shapeshifter) (D)
  A griffon (shapeshifter) (D)
  A deep elf conjurer (D)
  A faun (shapeshifter) (D)
  A lindwurm (D)
  4 ugly things (D)
  2 elephants (D)
  2 black mambas (D)
  An elephant (shapeshifter) (D)
  2 spiny frogs (D)
  A fire drake (D)
  A komodo dragon (D)
  9 guardian mummies (D)
  3 deep elf priests (D)
  3 wandering mushrooms (D)
  A queen bee (D)
  4 spriggan defenders (D)
  A slime creature (shapeshifter) (D)
  5 orc high priests (D)
  8 blink frogs (D)
  6 slime creatures (D)
  2 spriggans (D)
  3 redbacks (D)
  A shadow (D)
  A spatial vortex (D)
  3 swamp drakes (D)
  A necrophage (D)
  2 orc warriors (D)
  2 centaurs (D)
  An earth elemental (D)
  2 brain worms (D)
  A water elemental (D)
  32 killer bees (D)
  An electric eel (D)
  A jelly (D)
  An orc wizard (D)
  A wizard (D)
  3 orc priests (D)
  Jessica (D)
  2 necromancers (D)
  A wolf (D)
  A kobold demonologist (D)
  3 humans (D)
  3 sheep (D)
  2 oozes (D)
  2 adder zombies (D)
  11 orcs (D)
  A bat simulacrum (D)
  A bat zombie (D)
  A quokka zombie (D)
  A rat (D)
  A butterfly (D)
  8 plants (D)
235 creatures vanquished.

Vanquished Creatures (others)
  An iron dragon (D)
  2 draconian scorchers (D)
  An iron elemental (D)
  3 rust devils (D)
  3 yaktaurs (D)
  3 bushes (D)
  13 plants (D)
26 creatures vanquished.

Grand Total: 261 creatures vanquished

Notes
Turn   | Place    | Note
--------------------------------------------------------------
     0 | D        | Kidiri the Spriggan Enchanter began the quest for the Orb.
     0 | D        | Reached XP level 1. HP: 9/9 MP: 5/5
     4 | D        | Reached skill level 5 in Stealth
     7 | D        | Reached XP level 2. HP: 13/13 MP: 5/7
    11 | D        | Learned a level 2 spell: Ensorcelled Hibernation
    31 | D        | Noticed Jessica
    36 | D        | Killed Jessica
    36 | D        | Reached skill level 5 in Dodging
    36 | D        | Reached skill level 6 in Stealth
    36 | D        | Reached XP level 3. HP: 16/16 MP: 8/10
    41 | D        | Learned a level 3 spell: Confuse
    45 | D        | Learned a level 3 spell: Tukima's Dance
    61 | D        | Noticed a wolf
    97 | D        | Killed a yaktaur
   135 | D        | Reached skill level 7 in Stealth
   135 | D        | Reached skill level 5 in Spellcasting
   135 | D        | Reached skill level 1 in Ice Magic
   245 | D        | Learned a level 3 spell: Dazzling Spray
   245 | D        | Killed a white draconian scorcher
   247 | D        | Killed a wolf
   247 | D        | Reached XP level 4. HP: 21/21 MP: 6/12
   270 | D        | Gained mutation: You have large cloven feet. [potion of mutation]
   270 | D        | Gained mutation: You are dopey. (Int -2) [potion of mutation]
   270 | D        | Lost mutation: You have large cloven feet. [potion of mutation]
   271 | D        | Lost mutation: You are dopey. (Int -2) [potion of mutation]
   271 | D        | Gained mutation: You are resistant to electric shocks. [potion of mutation]
   271 | D        | Gained mutation: Your body sometimes deteriorates upon taking damage. [potion of mutation]
   317 | D        | Killed a white draconian scorcher
   338 | D        | Noticed a water elemental
   341 | D        | Killed a water elemental
   341 | D        | Reached skill level 8 in Stealth
   341 | D        | Reached skill level 1 in Conjurations
   341 | D        | Reached skill level 5 in Hexes
   351 | D        | Noticed a jelly
   352 | D        | Noticed a shadow
   354 | D        | Killed a shadow
   354 | D        | Reached skill level 9 in Stealth
   354 | D        | Reached XP level 5. HP: 24/24 MP: 14/16
   354 | D        | Reached XP level 6. HP: 28/28 MP: 14/17
   357 | D        | Killed a jelly
   357 | D        | Reached skill level 10 in Stealth
   364 | D        | Found a stormy altar of Qazlal.
   365 | D        | Found a sacrificial altar of Ru.
   365 | D        | Found a burning altar of Makhleb.
   365 | D        | Found a viscous altar of Jiyva.
   365 | D        | Found a shimmering altar of Xom.
   365 | D        | Found a shadowy altar of Dithmenos.
   365 | D        | Found a sparkling altar of Nemelex Xobeh.
   365 | D        | Found a corrupted altar of Lugonu.
   365 | D        | Found an opulent altar of Gozag.
   365 | D        | Noticed a spatial vortex
   370 | D        | Became a worshipper of Dithmenos the Shadowed
   687 | D        | Killed a spatial vortex
   687 | D        | Reached skill level 5 in Short Blades
   687 | D        | Reached skill level 1 in Invocations
   798 | D        | Found a radiant altar of Vehumet.
   799 | D        | Found a deep blue altar of Sif Muna.
   799 | D        | Found an ancient bone altar of Kikubaaqudgha.
   799 | D        | Noticed a wizard
   800 | D        | Killed a wizard
   802 | D        | Reached skill level 11 in Stealth
   829 | D        | Learned a level 4 spell: Cause Fear
   836 | D        | Learned a level 6 spell: Deflect Missiles
   844 | D        | Found a glowing silver altar of Zin.
   845 | D        | Found a glowing golden altar of the Shining One.
   845 | D        | Found a white marble altar of Elyvilon.
   845 | D        | Noticed a deep elf priest
   847 | D        | Killed a deep elf priest
   847 | D        | Reached skill level 10 in Dodging
   847 | D        | Reached skill level 1 in Air Magic
   847 | D        | Reached XP level 7. HP: 32/32 MP: 18/20
   858 | D        | Found an iron altar of Okawaru.
   859 | D        | Found a bloodstained altar of Trog.
   859 | D        | Noticed a human
   859 | D        | Noticed a human
   863 | D        | Killed a human
   863 | D        | Reached skill level 12 in Stealth
   868 | D        | Killed a human
   949 | D        | Found a snail-covered altar of Cheibriados.
   949 | D        | Noticed a necrophage
   951 | D        | Noticed a necromancer
   954 | D        | Found a basalt altar of Yredelemnul.
   954 | D        | Found a blossoming altar of Fedhas.
   959 | D        | Killed a necromancer
   959 | D        | Acquired Dithmenos's first power
   964 | D        | Killed a necrophage
   964 | D        | Reached XP level 8. HP: 16/36 MP: 8/22
  1137 | D        | Noticed Josephine
  1140 | D        | Killed Josephine
  1140 | D        | Reached skill level 13 in Stealth
  1140 | D        | Reached skill level 10 in Spellcasting
  1140 | D        | Reached skill level 5 in Charms
  1148 | D        | Noticed an earth elemental
  1151 | D        | Killed an earth elemental
  1156 | D        | Noticed a centaur
  1156 | D        | Noticed a centaur warrior
  1156 | D        | Noticed a centaur
  1158 | D        | Killed a centaur warrior
  1158 | D        | Reached skill level 14 in Stealth
  1158 | D        | Reached skill level 5 in Ice Magic
  1158 | D        | Reached XP level 9. HP: 39/39 MP: 19/25
  1159 | D        | Killed a centaur
  1159 | D        | Acquired Dithmenos's second power
  1160 | D        | Killed a centaur
  1200 | D        | Noticed an unseen horror
  1202 | D        | Killed an unseen horror
  1202 | D        | Reached skill level 5 in Invocations
  1212 | D        | Noticed a killer bee
  1212 | D        | Noticed a killer bee
  1212 | D        | Noticed a killer bee
  1212 | D        | Noticed a killer bee
  1212 | D        | Noticed a killer bee
  1212 | D        | Noticed a killer bee
  1212 | D        | Noticed a killer bee
  1212 | D        | Noticed a killer bee
  1212 | D        | Noticed a killer bee
  1212 | D        | Noticed a killer bee
  1212 | D        | Noticed a killer bee
  1212 | D        | Noticed a killer bee
  1212 | D        | Noticed a killer bee
  1212 | D        | Noticed a killer bee
  1212 | D        | Noticed a killer bee
  1213 | D        | Noticed a killer bee
  1213 | D        | Noticed a killer bee
  1213 | D        | Noticed a killer bee
  1213 | D        | Noticed a killer bee
  1213 | D        | Noticed a killer bee
  1213 | D        | Noticed a killer bee
  1213 | D        | Noticed a killer bee
  1213 | D        | Noticed a killer bee
  1213 | D        | Noticed a killer bee
  1213 | D        | Noticed a killer bee
  1213 | D        | Noticed a queen bee
  1213 | D        | Noticed a killer bee
  1213 | D        | Noticed a killer bee
  1213 | D        | Noticed a killer bee
  1213 | D        | Noticed a killer bee
  1213 | D        | Noticed a killer bee
  1213 | D        | Noticed a killer bee
  1213 | D        | Noticed a killer bee
  1214 | D        | Killed a killer bee
  1215 | D        | Killed a killer bee
  1219 | D        | Killed a killer bee
  1219 | D        | Acquired Dithmenos's third power
  1221 | D        | Killed a killer bee
  1223 | D        | Killed a killer bee
  1225 | D        | Killed a killer bee
  1227 | D        | Killed a killer bee
  1229 | D        | Killed a killer bee
  1235 | D        | Killed a killer bee
  1237 | D        | Killed a killer bee
  1237 | D        | Acquired Dithmenos's fourth power
  1237 | D        | Reached skill level 15 in Stealth
  1239 | D        | Killed a killer bee
  1241 | D        | Killed a killer bee
  1254 | D        | Learned a level 8 spell: Discord
  1425 | D        | Killed a killer bee
  1428 | D        | Killed a killer bee
  1432 | D        | Killed a killer bee
  1432 | D        | Reached XP level 10. HP: 44/44 MP: 17/26
  1434 | D        | Killed a killer bee
  1436 | D        | Killed a killer bee
  1438 | D        | Killed a killer bee
  1440 | D        | Killed a killer bee
  1442 | D        | Killed a killer bee
  1446 | D        | Killed a killer bee
  1448 | D        | Killed a killer bee
  1588 | D        | Killed a killer bee
  1588 | D        | Reached skill level 5 in Conjurations
  1591 | D        | Killed a killer bee
  1591 | D        | Killed a killer bee
  1593 | D        | Killed a killer bee
  1595 | D        | Killed a killer bee
  1597 | D        | Killed a killer bee
  1599 | D        | Killed a killer bee
  1601 | D        | Killed a killer bee
  1603 | D        | Killed a killer bee
  1605 | D        | Killed a killer bee
  1608 | D        | Killed a queen bee
  1800 | D        | Noticed a wandering mushroom
  1801 | D        | Noticed a wandering mushroom
  1801 | D        | Noticed a wandering mushroom
  1803 | D        | Killed a wandering mushroom
  1806 | D        | Killed a wandering mushroom
  1811 | D        | Killed a wandering mushroom
  1811 | D        | Reached skill level 5 in Air Magic
  1841 | D        | Noticed a spiny frog
  1841 | D        | Noticed a komodo dragon
  1841 | D        | Noticed a spiny frog
  1852 | D        | Killed a spiny frog
  1852 | D        | Reached skill level 16 in Stealth
  1855 | D        | Killed a spiny frog
  1858 | D        | Killed a komodo dragon
  1948 | D        | Noticed a redback
  1950 | D        | Killed a redback
  1951 | D        | Noticed a brain worm
  1955 | D        | Killed a brain worm
  1960 | D        | Noticed a brain worm
  1962 | D        | Killed a brain worm
  1962 | D        | Reached skill level 15 in Dodging
  1968 | D        | Noticed a lindwurm
  1970 | D        | Noticed a redback
  1971 | D        | Killed a lindwurm
  1973 | D        | Killed a redback
  1978 | D        | Noticed a redback
  1979 | D        | Killed a redback
  1980 | D        | Noticed Maud
  1983 | D        | Killed Maud
  1983 | D        | Reached XP level 11. HP: 47/47 MP: 29/29
  1991 | D        | Learned a level 6 spell: Haste
  2030 | D        | Killed a yaktaur
  2046 | D        | Noticed an electric eel
  2047 | D        | Noticed an eight-headed hydra
  2047 | D        | Noticed a six-headed hydra
  2049 | D        | Killed an electric eel
  2049 | D        | Reached skill level 17 in Stealth
  2051 | D        | Killed an eight-headed hydra
  2051 | D        | Reached skill level 10 in Hexes
  2052 | D        | Killed a six-headed hydra
  2064 | D        | Noticed a death drake
  2067 | D        | Killed a death drake
  2074 | D        | Found a blossoming altar of Fedhas.
  2074 | D        | Noticed a spriggan
  2074 | D        | Noticed a spriggan druid
  2074 | D        | Noticed a spriggan
  2079 | D        | Killed a spriggan
  2081 | D        | Killed a spriggan
  2083 | D        | Killed a spriggan druid
  2214 | D        | Noticed Polyphemus
  2215 | D        | Noticed Ilsuiw
  2227 | D        | Killed Polyphemus
  2227 | D        | Reached skill level 18 in Stealth
  2227 | D        | Reached skill level 10 in Charms
  2376 | D        | Killed Ilsuiw
  2409 | D        | Found Fagaipn's Jewellery Emporium.
  2409 | D        | Found Athiegis's Antique Weapon Shop.
  2409 | D        | Found Pefick's Distillery.
  2409 | D        | Noticed a sea snake
  2409 | D        | Noticed a merfolk javelineer
  2411 | D        | Killed a sea snake
  2416 | D        | Killed a merfolk javelineer
  2416 | D        | Reached skill level 15 in Spellcasting
  2416 | D        | Reached XP level 12. HP: 51/51 MP: 23/32
  2436 | D        | Got a barnacled rune of Zot
  2514 | D        | Noticed a swamp drake
  2514 | D        | Noticed a fire drake
  2515 | D        | Killed a fire drake
  2517 | D        | Killed a swamp drake
  2517 | D        | Reached skill level 10 in Short Blades
  2570 | D        | Noticed a blink frog
  2570 | D        | Noticed a blink frog
  2571 | D        | Noticed a blink frog
  2571 | D        | Noticed a blink frog
  2571 | D        | Noticed a blink frog
  2572 | D        | Killed a blink frog
  2574 | D        | Killed a blink frog
  2577 | D        | Killed a blink frog
  2579 | D        | Killed a blink frog
  2581 | D        | Killed a blink frog
  2581 | D        | Reached skill level 19 in Stealth
  2628 | D        | Noticed Rupert
  2630 | D        | Killed Rupert
  2706 | D        | Noticed a death yak
  2707 | D        | Noticed a death yak
  2707 | D        | Noticed a blink frog
  2707 | D        | Noticed an azure jelly
  2707 | D        | Noticed a death yak
  2707 | D        | Noticed an azure jelly
  2707 | D        | Noticed a blink frog
  2707 | D        | Noticed a death yak
  2708 | D        | Killed a death yak
  2709 | D        | Killed a death yak
  2710 | D        | Killed a blink frog
  2711 | D        | Noticed a blink frog
  2711 | D        | Noticed a black mamba
  2712 | D        | Killed a death yak
  2721 | D        | Killed a blink frog
  3078 | D        | Killed a blink frog
  3085 | D        | Killed a black mamba
  3096 | D        | Killed a death yak
  3110 | D        | Noticed a black mamba
  3112 | D        | Killed a black mamba
  3115 | D        | Noticed an azure jelly
  3115 | D        | Noticed an azure jelly
  3424 | D        | Noticed a swamp drake
  3426 | D        | Killed a swamp drake
  3429 | D        | Noticed a swamp drake
  3430 | D        | Noticed a swamp dragon
  3430 | D        | Found Mimycru's Antique Weapon Shoppe.
  3430 | D        | Found Annoeciwk's Book Boutique.
  3431 | D        | Killed a swamp drake
  3432 | D        | Found Giulim's Food Emporium.
  3433 | D        | Killed a swamp dragon
  3433 | D        | Reached skill level 20 in Stealth
  3465 | D        | Noticed a swamp dragon
  3478 | D        | Killed a swamp dragon
  3494 | D        | Noticed a seven-headed hydra
  3495 | D        | Noticed the 27-headed Lernaean hydra
  3721 | D        | Noticed an elephant
  3721 | D        | Noticed an elephant
  3721 | D        | Noticed a dire elephant
  3721 | D        | Noticed a dire elephant
  3721 | D        | Noticed Gastronok
  3723 | D        | Killed Gastronok
  3724 | D        | Killed a dire elephant
  3726 | D        | Killed a dire elephant
  3726 | D        | Reached XP level 13. HP: 55/55 MP: 34/34
  3730 | D        | Killed an elephant
  3732 | D        | Killed an elephant
  3810 | D        | Noticed Wiglaf
  3810 | D        | Noticed Frances
  3818 | D        | Killed Wiglaf
  3821 | D        | Killed Frances
  3969 | D        | Noticed an orc high priest
  3969 | D        | Noticed an orc high priest
  3970 | D        | Noticed an orc priest
  3970 | D        | Noticed an orc priest
  3971 | D        | Killed an orc high priest
  3971 | D        | Reached skill level 21 in Stealth
  3972 | D        | Killed an orc high priest
  3974 | D        | Killed an orc priest
  3975 | D        | Killed an orc priest
  4025 | D        | Noticed an obsidian statue
  4028 | D        | Noticed a spriggan defender
  4029 | D        | Noticed a spriggan defender
  4029 | D        | Noticed a spriggan defender
  4029 | D        | Noticed a spriggan defender
  4030 | D        | Killed a spriggan defender
  4031 | D        | Killed a spriggan defender
  4057 | D        | Killed a spriggan defender
  4137 | D        | Killed a rust devil
  4138 | D        | Killed a rust devil
  4189 | D        | Killed a rust devil
  4210 | D        | Killed a spriggan defender
  4231 | D        | Killed an iron dragon
  4297 | D        | Noticed a brown ugly thing
  4299 | D        | Noticed a slime creature
  4300 | D        | Killed a brown ugly thing
  4302 | D        | Killed a slime creature
  4321 | D        | Noticed a slime creature
  4324 | D        | Killed a slime creature
  4354 | D        | Noticed a slime creature
  4356 | D        | Killed a slime creature
  4371 | D        | Noticed a centaur warrior
  4375 | D        | Killed a centaur warrior
  4397 | D        | Noticed a fire dragon
  4399 | D        | Killed a fire dragon
  4399 | D        | Reached skill level 10 in Invocations
  4420 | D        | Noticed a trident of venom
  4420 | D        | Noticed a scimitar of electrocution
  4420 | D        | Noticed a dire flail of crushing
  4421 | D        | Noticed a glaive of venom
  4465 | D        | Killed a yaktaur
  4821 | D        | Killed an iron elemental
  4851 | D        | Found Puowk's General Store.
  4851 | D        | Noticed an orc warrior
  4851 | D        | Noticed an orc warrior
  4851 | D        | Noticed an orc priest
  4851 | D        | Noticed an orc high priest
  4852 | D        | Noticed an orc wizard
  4852 | D        | Noticed an orc high priest
  4852 | D        | Noticed an orc high priest
  4855 | D        | Killed an orc high priest
  4861 | D        | Killed an orc priest
  4868 | D        | Killed an orc warrior
  4873 | D        | Killed an orc wizard
  4874 | D        | Killed an orc warrior
  4875 | D        | Killed an orc high priest
  4936 | D        | Killed an orc high priest
  4975 | D        | Bought a scroll of enchant weapon for 97 gold pieces
  4975 | D        | Bought a scroll of recharging for 123 gold pieces
  5155 | D        | Noticed a deep elf knight
  5155 | D        | Noticed a deep elf knight
  5155 | D        | Noticed a deep elf priest
  5155 | D        | Noticed a deep elf conjurer
  5155 | D        | Noticed a deep elf priest
  5163 | D        | Killed a deep elf conjurer
  5173 | D        | Killed a deep elf knight
  5294 | D        | Killed a deep elf priest
  5362 | D        | Killed a deep elf priest
  5392 | D        | Killed a deep elf knight
  5521 | D        | Noticed a deep elf conjurer
  5530 | D        | Noticed a deep elf high priest
  5542 | D        | Noticed a deep elf demonologist
  5736 | D        | Bought an uncursed ring of invisibility for 420 gold pieces
  5739 | D        | Bought a potion of curing for 36 gold pieces
  5739 | D        | Bought a potion of mutation for 30 gold pieces
  5739 | D        | Bought a potion of heal wounds for 60 gold pieces
  5739 | D        | Bought a potion of curing for 36 gold pieces
  5739 | D        | Bought a potion of agility for 48 gold pieces
  5739 | D        | Bought 2 potions of magic for 192 gold pieces
  5739 | D        | Bought a potion of curing for 36 gold pieces
  5739 | D        | Bought a potion of heal wounds for 60 gold pieces
  5739 | D        | Gained mutation: You passively map a small area around you. [potion of mutation]
  5739 | D        | Gained mutation: You are clumsy. (Dex -2) [potion of mutation]
  5741 | D        | Lost mutation: You are resistant to electric shocks. [potion of cure mutation]
  5741 | D        | Lost mutation: Your body sometimes deteriorates upon taking damage. [potion of cure mutation]
  5741 | D        | Lost mutation: You passively map a small area around you. [potion of cure mutation]
  5741 | D        | Lost mutation: You are clumsy. (Dex -2) [potion of cure mutation]
  5833 | D        | Noticed a yaktaur captain
  5834 | D        | Noticed a yaktaur captain
  5834 | D        | Noticed a yaktaur captain
  5888 | D        | Killed a scimitar of electrocution
  6245 | D        | Killed a trident of venom
  6245 | D        | Reached skill level 1 in Evocations
  6267 | D        | Killed a glaive of venom
  6267 | D        | Reached skill level 22 in Stealth
  6421 | D        | Killed a dire flail of crushing
  6582 | D        | Noticed a slime creature
  6582 | D        | Noticed an elephant
  6583 | D        | Noticed a slime creature
  6584 | D        | Killed an elephant
  6586 | D        | Killed a slime creature
  6587 | D        | Noticed a yaktaur captain
  6602 | D        | Killed a slime creature
  6722 | D        | Killed a yaktaur captain
  6723 | D        | Noticed a ghost moth
  6723 | D        | a fire dragon changed into a ghost moth
  6725 | D        | a ghost moth changed into a griffon
  6880 | D        | Noticed Chuck
  6898 | D        | Killed Chuck
  7091 | D        | Noticed a slime creature
  7091 | D        | Noticed a faun
  7091 | D        | Noticed a green ugly thing
  7091 | D        | Noticed a slime creature
  7094 | D        | Killed a slime creature
  7095 | D        | Noticed Frederick
  7098 | D        | Killed Frederick
  7098 | D        | Reached XP level 14. HP: 59/59 MP: 29/37
  7099 | D        | a faun changed into a swamp dragon
  7116 | D        | Killed a slime creature
  7126 | D        | Killed a green ugly thing
  7310 | D        | Noticed a lich
  7344 | D        | Killed a lich
  7344 | D        | Reached skill level 10 in Ice Magic
  7344 | D        | Reached skill level 5 in Evocations
  7654 | D        | Noticed a purple ugly thing
  7655 | D        | Noticed a green ugly thing
  7656 | D        | Killed a purple ugly thing
  7658 | D        | Killed a green ugly thing
  7661 | D        | Noticed a shadow dragon
  7661 | D        | Noticed an ogre mage
  7661 | D        | Noticed a shadow dragon
  7663 | D        | Killed a shadow dragon
  7663 | D        | Reached skill level 23 in Stealth
  7663 | D        | Reached skill level 10 in Air Magic
  7664 | D        | Killed a shadow dragon
  7665 | D        | Killed an ogre mage
  7684 | D        | Noticed an obsidian statue
  7830 | D        | Noticed a skeletal warrior
  7832 | D        | Killed a skeletal warrior
  7836 | D        | Noticed a skeletal warrior
  7838 | D        | Killed a skeletal warrior
  7848 | D        | Noticed a vampire knight
  7858 | D        | Killed a vampire knight
  7976 | D        | Noticed a vampire knight
  7990 | D        | Killed a vampire knight
  8030 | D        | Noticed a necromancer
  8032 | D        | Killed a necromancer
  8032 | D        | Reached skill level 15 in Charms
  8091 | D        | Noticed a guardian mummy
  8093 | D        | Killed a guardian mummy
  8167 | D        | Noticed a skeletal warrior
  8169 | D        | Killed a skeletal warrior
  8180 | D        | Noticed a skeletal warrior
  8182 | D        | Killed a skeletal warrior
  8189 | D        | Noticed a guardian mummy
  8191 | D        | Killed a guardian mummy
  8337 | D        | Noticed a vampire knight
  8346 | D        | Killed a vampire knight
  8436 | D        | Noticed a bone dragon
  8439 | D        | Killed a bone dragon
  8454 | D        | Noticed a vampire knight
  8462 | D        | Killed a vampire knight
  8462 | D        | Reached skill level 24 in Stealth
  8484 | D        | Noticed a guardian mummy
  8485 | D        | Noticed a sphinx
  8485 | D        | Noticed a sphinx
  8485 | D        | Noticed a mummy priest
  8485 | D        | Noticed a guardian mummy
  8485 | D        | Noticed a guardian mummy
  8486 | D        | Killed a guardian mummy
  8488 | D        | Killed a sphinx
  8489 | D        | Killed a sphinx
  8491 | D        | Killed a guardian mummy
  8492 | D        | Killed a guardian mummy
  8497 | D        | Killed a mummy priest
  8981 | D        | Noticed a guardian mummy
  8982 | D        | Noticed a guardian mummy
  8982 | D        | Noticed a guardian mummy
  8982 | D        | Noticed a mummy priest
  8983 | D        | Killed a guardian mummy
  9261 | D        | Killed a mummy priest
  9262 | D        | Killed a guardian mummy
  9263 | D        | Killed a guardian mummy
  9510 | D        | Noticed a guardian mummy
  9510 | D        | Noticed a mummy priest
  9512 | D        | Killed a mummy priest
  9513 | D        | Killed a guardian mummy
  9751 | D        | Killed an obsidian statue
 10019 | D        | Killed an azure jelly
 10019 | D        | Reached XP level 15. HP: 28/63 MP: 25/39
 10044 | D        | Killed an azure jelly
 10319 | D        | Killed a seven-headed hydra
 10382 | D        | Got a decaying rune of Zot
 10500 | D        | Killed an azure jelly
 10500 | D        | Reached skill level 10 in Conjurations
 10522 | D        | Killed an azure jelly
 11032 | D        | Killed the 27-headed Lernaean hydra
 11032 | D        | Reached skill level 25 in Stealth
 11032 | D        | Reached skill level 15 in Hexes
 11273 | D        | Noticed a faun
 11275 | D        | Killed a faun
 11282 | D        | Killed an obsidian statue
 11518 | D        | Noticed a titan
 11518 | D        | Noticed a vault guard
 11518 | D        | Noticed a vault guard
 11518 | D        | Noticed a fire giant
 11518 | D        | Noticed a vault guard
 11518 | D        | Noticed a vault guard
 11518 | D        | Noticed a golden dragon
 11518 | D        | Noticed a vault guard
 11518 | D        | Noticed a vault guard
 11518 | D        | Noticed a shadow dragon
 11518 | D        | Noticed a vault guard
 11518 | D        | Noticed a vault guard
 11518 | D        | Noticed a stone giant
 11518 | D        | Noticed a vault guard
 11518 | D        | Noticed a vault guard
 11518 | D        | Noticed a frost giant
 11518 | D        | Noticed a vault guard
 11518 | D        | Noticed a quicksilver dragon
 11532 | D        | Noticed a skeletal warrior
 11532 | D        | Noticed a skeletal warrior
 11532 | D        | Noticed a vault guard
 11532 | D        | Noticed a vault guard
 11532 | D        | Noticed a vault guard
 11532 | D        | Noticed a centaur warrior
 11532 | D        | Noticed a stone giant
 11532 | D        | Noticed a vault guard
 11532 | D        | Noticed a vault guard
 11533 | D        | Killed a vault guard
 11599 | D        | Killed a vault guard
 11623 | D        | Killed a vault guard
 11623 | D        | Reached skill level 10 in Evocations
 11678 | D        | Killed a fire giant
 11775 | D        | Killed a vault guard
 11812 | D        | Killed a vault guard
 11828 | D        | Killed a vault guard
 11831 | D        | Killed a vault guard
 11902 | D        | Killed a frost giant
 11922 | D        | Killed a vault guard
 11975 | D        | Killed a vault guard
 11998 | D        | Killed a vault guard
 12040 | D        | Killed a quicksilver dragon
 12103 | D        | Killed a vault guard
 12152 | D        | Killed a skeletal warrior
 12242 | D        | Killed a centaur warrior
 12242 | D        | Reached skill level 26 in Stealth
 12345 | D        | Killed a shadow dragon
 12387 | D        | Killed a vault guard
 12419 | D        | Killed a stone giant
 12435 | D        | Slain by a stone giant

Vault maps used:
D:        dungeon_sprint_mu

Action                   |  1- 3 |  4- 6 |  7- 9 | 10-12 | 13-15 || total
-------------------------+-------+-------+-------+-------+-------++-------
Melee: Dagger            |    48 |    18 |    32 |   219 |   204 ||   521
       Rapier            |       |       |       |       |   230 ||   230
 Cast: Ensorcelled Hiber |     3 |     1 |    22 |    36 |    33 ||    95
       Confuse           |     3 |       |     2 |     1 |    52 ||    58
       Dazzling Spray    |     1 |     6 |     4 |    23 |   155 ||   189
       Corona            |     1 |       |       |       |       ||     1
       Deflect Missiles  |       |       |       |       |     1 ||     1
Invok: Shadow Step       |       |       |     1 |    16 |    20 ||    37
 Abil: Evoke Invisibilit |       |       |       |       |     2 ||     2
  Use: Potion            |     1 |     2 |       |       |    10 ||    13
       Scroll            |       |     4 |       |       |     2 ||     6
 Stab: Sleeping          |     5 |     6 |    22 |    59 |    59 ||   151
       Invisible         |       |       |     2 |     2 |     8 ||    12
       Confused          |       |       |     1 |       |    22 ||    23
       Distracted        |       |       |       |       |     2 ||     2
  Eat: Fruit             |       |       |       |     2 |     7 ||     9
       Bread ration      |       |       |       |       |     1 ||     1
